APP
BALTIMORE (RK+) ORIOLES @ PRINCETON RAYS
09/18/2080
 
TOP OF THE 1ST
Baltimore (Rk+) Orioles batting - Pitching for Princeton Rays : LHP Steve Parlette
Pitching: LHP Steve Parlette
Batting: RHB Gabe Corbin 0-0: Ball
1-0: Ball
2-0: Foul Ball, location: 2F
2-1: SINGLE (Groundball, 4D, EV 108.8 MPH)
Batting: LHB Henry Lopez 0-0: Called Strike
0-1: Foul Ball, location: 2F
0-2: Ball
1-2: Ball
2-2: Ball
3-2: Fly out, F7 (Line Drive, 78M, EV 91.2 MPH)
Batting: RHB Brendan Hastings 0-0: Foul Ball, location: 2F
0-1: Ball
1-1: Reached on error, E4 (Groundball, 4, EV 103.1 MPH)
Gabe Corbin to second
Batting: RHB Danny Umana 0-0: Called Strike
0-1: Swinging Strike
0-2: Strikes out swinging
Batting: RHB Matt Starkey 0-0: Ground out 4-3 (Groundball, 4, EV 85.6 MPH)
Top of the 1st over - 0 runs, 1 hit, 1 error, 2 left on base; Baltimore (Rk+) 0 - Princeton 0
BOTTOM OF THE 1ST
Princeton Rays batting - Pitching for Baltimore (Rk+) Orioles : LHP Art Tesar
Pitching: LHP Art Tesar
Batting: RHB Andy Porter 0-0: Ball
1-0: Ground out 6-3 (Groundball, 6, EV 91.2 MPH)
Batting: RHB Tim Fink 0-0: Ball
1-0: SINGLE (Groundball, 34D, EV 105.6 MPH)
Batting: RHB Rick Pugh 0-0: Ball
1-0: Ball
2-0: Swinging Strike
2-1: Foul Ball, location: 2F
2-2: Strikes out swinging
Batting: LHB Phil Downie 0-0: Ball
Wild Pitch!
Tim Fink to second
1-0: Foul Ball, location: 2F
1-1: Foul Ball, location: 2F
1-2: Foul Ball, location: 2F
1-2: Ball
2-2: Strikes out swinging
Bottom of the 1st over - 0 runs, 1 hit, 0 errors, 1 left on base; Baltimore (Rk+) 0 - Princeton 0
TOP OF THE 2ND
Baltimore (Rk+) Orioles batting - Pitching for Princeton Rays : LHP Steve Parlette
Batting: RHB Taylor Rosenblum 0-0: Foul Ball, location: 2F
0-1: Swinging Strike
0-2: Ball
1-2: Foul Ball, location: 2F
1-2: Ball
2-2: Strikes out swinging
Batting: RHB Nick Nielsen 0-0: Called Strike
0-1: Ball
1-1: TRIPLE (Flyball, 89XD, EV 89.4 MPH)
Batting: RHB Ruben Mercado 0-0: SINGLE (Line Drive, 4MD, EV 98.1 MPH)
Nick Nielsen scores
Batting: LHB Chris Newman 0-0: Ball
1-0: Called Strike
1-1: Ball
2-1: Ball
3-1: Base on Balls
Ruben Mercado to second
Batting: RHB Gabe Corbin 0-0: Called Strike
0-1: Ball
1-1: Foul Ball, location: 2F
1-2: Fly out, F8 (Flyball, 8LD, EV 91.2 MPH)
Batting: LHB Henry Lopez 0-0: Foul Ball, location: 2F
0-1: Ball
1-1: Foul Ball, location: 2F
1-2: Foul Ball, location: 2F
1-2: Ball
2-2: Ball
3-2: SINGLE (Line Drive, 34D, EV 96.9 MPH)
Ruben Mercado to third
Chris Newman to second
Ruben Mercado scores
Chris Newman to third
Batting: RHB Brendan Hastings 0-0: Foul Ball, location: 2F
0-1: Swinging Strike
Passed Ball!
Chris Newman scores
Henry Lopez to second
0-2: Fly out, F7 (Flyball, 78M, EV 84.4 MPH)
Top of the 2nd over - 3 runs, 3 hits, 0 errors, 1 left on base; Baltimore (Rk+) 3 - Princeton 0
BOTTOM OF THE 2ND
Princeton Rays batting - Pitching for Baltimore (Rk+) Orioles : LHP Art Tesar
Batting: LHB Mike Heidle 0-0: Called Strike
0-1: Called Strike
0-2: Foul Ball, location: 2F
0-2: Ball
1-2: Ground out 4-3 (Groundball, 34D, EV 97.5 MPH)
Batting: SHB Victor Avila 0-0: Foul Ball, location: 2F
0-1: Foul Ball, location: 2F
0-2: Ball
1-2: Ball
2-2: Ball
3-2: Foul Ball, location: 2F
3-2: Foul Ball, location: 2F
3-2: Ground out U3 (Groundball, 34, EV 105.6 MPH)
Batting: RHB Dustin Roberts 0-0: Ball
1-0: SINGLE (Line Drive, 78M, EV 89.4 MPH)
Batting: RHB Mike Tyler 0-0: Called Strike
0-1: Ball
1-1: Ball
2-1: Foul Ball, location: 2F
2-2: Ball
3-2: Strikes out swinging
Bottom of the 2nd over - 0 runs, 1 hit, 0 errors, 1 left on base; Baltimore (Rk+) 3 - Princeton 0
TOP OF THE 3RD
Baltimore (Rk+) Orioles batting - Pitching for Princeton Rays : LHP Steve Parlette
Batting: RHB Danny Umana 0-0: Ball
1-0: Called Strike
1-1: Foul Ball, location: 2F
1-2: Strikes out looking
Batting: RHB Matt Starkey 0-0: Called Strike
0-1: Called Strike
0-2: Ball
1-2: Fly out, F5 (Line Drive, 5, EV 65.6 MPH)
Batting: RHB Taylor Rosenblum 0-0: Called Strike
0-1: Ball
1-1: Swinging Strike
1-2: Strikes out looking
Top of the 3rd over - 0 runs, 0 hits, 0 errors, 0 left on base; Baltimore (Rk+) 3 - Princeton 0
BOTTOM OF THE 3RD
Princeton Rays batting - Pitching for Baltimore (Rk+) Orioles : LHP Art Tesar
Batting: RHB Corey Bruck 0-0: Ball
1-0: Ball
2-0: Foul Ball, location: 2F
2-1: Called Strike
2-2: Foul Ball, location: 2F
2-2: Foul Ball, location: 2F
2-2: Foul Ball, location: 2F
2-2: Foul Ball, location: 2F
2-2: Foul Ball, location: 2F
2-2: Strikes out swinging
Batting: RHB Andy Porter 0-0: Swinging Strike
0-1: Ball
1-1: Swinging Strike
1-2: SINGLE (Groundball, 56S, EV 72.5 MPH) (infield hit)
Batting: RHB Tim Fink 0-0: Called Strike
0-1: Ball
1-1: Ball
2-1: DOUBLE (Flyball, 8RXD, EV 96.9 MPH)
Andy Porter to third
Batting: RHB Rick Pugh 0-0: Ball
1-0: Ball
2-0: Called Strike
2-1: Ball
3-1: Base on Balls
Batting: LHB Phil Downie 0-0: Ball
1-0: Called Strike
1-1: Foul Ball, location: 2F
1-2: Strikes out swinging
Batting: RHB Mat Kettler 0-0: Fly out, F8 (Flyball, 8LD, EV 86.2 MPH)
Bottom of the 3rd over - 0 runs, 2 hits, 0 errors, 3 left on base; Baltimore (Rk+) 3 - Princeton 0
TOP OF THE 4TH
Baltimore (Rk+) Orioles batting - Pitching for Princeton Rays : LHP Steve Parlette
Batting: RHB Nick Nielsen 0-0: Foul Ball, location: 2F
0-1: Ground out 6-3 (Groundball, 6, EV 86.9 MPH)
Batting: RHB Ruben Mercado 0-0: SINGLE (Line Drive, 7S, EV 95.6 MPH)
Batting: LHB Chris Newman 0-0: Called Strike
0-1: Foul Ball, location: 2F
0-2: Ball
1-2: Strikes out swinging
Batting: RHB Gabe Corbin 0-0: Called Strike
0-1: Called Strike
0-2: Ball
1-2: Strikes out swinging
Top of the 4th over - 0 runs, 1 hit, 0 errors, 1 left on base; Baltimore (Rk+) 3 - Princeton 0
BOTTOM OF THE 4TH
Princeton Rays batting - Pitching for Baltimore (Rk+) Orioles : LHP Art Tesar
Batting: SHB Victor Avila 0-0: Called Strike
0-1: SINGLE (Flyball, 89S, EV 82.5 MPH)
Batting: RHB Dustin Roberts 0-0: Foul Ball, location: 2F
0-1: Foul Ball, location: 2F
0-2: Foul Ball, location: 2F
0-2: Ball
1-2: Foul Ball, location: 2F
1-2: Foul Ball, location: 2F
1-2: Ball
2-2: Ball
3-2: Base on Balls
Victor Avila to second
Batting: RHB Mike Tyler 0-0: Ball
1-0: Called Strike
1-1: Ball
2-1: Swinging Strike
2-2: Strikes out swinging
Pitching: RHP Justin Perez
Pinch Hitting: LHB Lance Williamson 0-0: Ball
1-0: 3-RUN HOME RUN (Flyball, 9LD, EV 93.8 MPH), Distance : 361 ft
Batting: RHB Andy Porter 0-0: Fly out, F9 (Flyball, 9D, EV 91.9 MPH)
Batting: RHB Tim Fink 0-0: Called Strike
0-1: Ball
1-1: Ball
2-1: Ground out 6-3 (Groundball, 6, EV 80.6 MPH)
Bottom of the 4th over - 3 runs, 2 hits, 0 errors, 0 left on base; Baltimore (Rk+) 3 - Princeton 3
TOP OF THE 5TH
Baltimore (Rk+) Orioles batting - Pitching for Princeton Rays : LHP Steve Parlette
Now in CF: Manfred Knegt
Batting: LHB Henry Lopez 0-0: Called Strike
0-1: Foul Ball, location: 2F
0-2: Ball
1-2: SINGLE (Groundball, 4MD, EV 96.2 MPH)
Batting: RHB Brendan Hastings 0-0: Foul Ball, location: 2F
0-1: Fly out, F9 (Flyball, 89D, EV 78.1 MPH)
Batting: RHB Danny Umana 0-0: Called Strike
0-1: Called Strike
0-2: 2-RUN HOME RUN (Line Drive, 7LD, EV 94.4 MPH), Distance : 357 ft
Batting: RHB Matt Starkey 0-0: SINGLE (Groundball, P, EV 91.9 MPH) (infield hit)
Batting: RHB Taylor Rosenblum 0-0: Ball
1-0: Foul Ball, location: 2F
1-1: Called Strike
1-2: Strikes out swinging
Batting: RHB Nick Nielsen 0-0: Called Strike
0-1: Foul Ball, location: 2F
0-2: Foul Ball, location: 2F
0-2: Ball
1-2: Foul Ball, location: 2F
1-2: Strikes out swinging
Top of the 5th over - 2 runs, 3 hits, 0 errors, 1 left on base; Baltimore (Rk+) 5 - Princeton 3
BOTTOM OF THE 5TH
Princeton Rays batting - Pitching for Baltimore (Rk+) Orioles : RHP Justin Perez
Batting: RHB Rick Pugh 0-0: DOUBLE (Line Drive, 7LS, EV 101.9 MPH)
Pitching: LHP Jose Miramontes
Batting: LHB Phil Downie 0-0: Called Strike
0-1: Ball
1-1: Called Strike
1-2: Foul Ball, location: 2F
1-2: Strikes out swinging
Pitching: RHP Chase Borne
Batting: LHB Danny Alanis 0-0: Ball
1-0: Foul Ball, location: 2F
1-1: Swinging Strike
1-2: DOUBLE (Line Drive, 7LS, EV 98.1 MPH)
Rick Pugh scores
Batting: SHB Victor Avila 0-0: Swinging Strike
0-1: Ball
1-1: Ball
2-1: Foul Ball, location: 2F
2-2: Foul Ball, location: 2F
2-2: Strikes out swinging
Batting: RHB Dustin Roberts 0-0: Called Strike
0-1: Ball
1-1: Called Strike
1-2: Ball
2-2: Ground out 3-1 (Groundball, 34, EV 87.5 MPH)
Bottom of the 5th over - 1 run, 2 hits, 0 errors, 1 left on base; Baltimore (Rk+) 5 - Princeton 4
TOP OF THE 6TH
Baltimore (Rk+) Orioles batting - Pitching for Princeton Rays : LHP Steve Parlette
Pitching: RHP Jake Bertolami
Batting: RHB Ruben Mercado 0-0: Called Strike
0-1: Foul Ball, location: 2F
0-2: Ball
1-2: Ball
2-2: Ball
3-2: Ground out 5-3 (Groundball, 56, EV 99.4 MPH)
Batting: LHB Chris Newman 0-0: Ball
1-0: Foul Ball, location: 2F
1-1: Fly out, F8 (Line Drive, 78M, EV 93.8 MPH)
Batting: RHB Gabe Corbin 0-0: Ball
1-0: Foul Ball, location: 2F
1-1: Ball
2-1: Swinging Strike
2-2: Ground out 4-3 (Groundball, 4, EV 86.2 MPH)
Top of the 6th over - 0 runs, 0 hits, 0 errors, 0 left on base; Baltimore (Rk+) 5 - Princeton 4
BOTTOM OF THE 6TH
Princeton Rays batting - Pitching for Baltimore (Rk+) Orioles : RHP Chase Borne
Batting: RHB Mike Tyler 0-0: Called Strike
0-1: Ground out 4-3 (Groundball, 4, EV 93.1 MPH)
Pinch Hitting: LHB Carlos Arechiga 0-0: Ball
1-0: Foul Ball, location: 2F
1-1: Called Strike
1-2: SINGLE (Line Drive, 7S, EV 110.6 MPH)
Batting: RHB Andy Porter 0-0: Called Strike
0-1: Swinging Strike
0-2: Strikes out swinging
Batting: RHB Tim Fink 0-0: Called Strike
0-1: Ball
1-1: Ball
2-1: Ball
3-1: Swinging Strike
3-2: Fly out, F3 (Popup, 3S, EV 63.8 MPH)
Bottom of the 6th over - 0 runs, 1 hit, 0 errors, 1 left on base; Baltimore (Rk+) 5 - Princeton 4
TOP OF THE 7TH
Baltimore (Rk+) Orioles batting - Pitching for Princeton Rays : RHP Jake Bertolami
Now in CF: J.J. Thomas
Batting: LHB Henry Lopez 0-0: Ball
1-0: Called Strike
1-1: Ball
2-1: Ball
3-1: Foul Ball, location: 2F
3-2: Base on Balls
Batting: RHB Brendan Hastings 0-0: Ball
1-0: Ball
2-0: Foul Ball, location: 2F
2-1: Swinging Strike
2-2: Strikes out swinging
Batting: RHB Danny Umana 0-0: Ball
1-0: Fly out, F8 (Line Drive, 8RD, EV 106.9 MPH)
Batting: RHB Matt Starkey 0-0: Ball
1-0: Ball
2-0: Called Strike
2-1: Swinging Strike
2-2: Strikes out looking
Top of the 7th over - 0 runs, 0 hits, 0 errors, 1 left on base; Baltimore (Rk+) 5 - Princeton 4
BOTTOM OF THE 7TH
Princeton Rays batting - Pitching for Baltimore (Rk+) Orioles : RHP Chase Borne
Batting: RHB Rick Pugh 0-0: Ball
1-0: Ball
2-0: Called Strike
2-1: Foul Ball, location: 2F
2-2: Ball
3-2: SINGLE (Groundball, 6S, EV 73.1 MPH) (infield hit)
Batting: LHB Phil Downie 0-0: Ball
1-0: Grounds into double play, 6-4-3 (Groundball, 6, EV 100.6 MPH)
Batting: LHB Danny Alanis 0-0: Ground out U3 (Groundball, 13, EV 83.1 MPH)
Bottom of the 7th over - 0 runs, 1 hit, 0 errors, 0 left on base; Baltimore (Rk+) 5 - Princeton 4
TOP OF THE 8TH
Baltimore (Rk+) Orioles batting - Pitching for Princeton Rays : RHP Jake Bertolami
Batting: RHB Taylor Rosenblum 0-0: Called Strike
0-1: Called Strike
0-2: Ground out U3 (Groundball, 3L, EV 80.0 MPH)
Batting: RHB Nick Nielsen 0-0: SINGLE (Groundball, 56, EV 108.1 MPH)
Batting: RHB Ruben Mercado 0-0: Called Strike
0-1: Ball
Nick Nielsen steals 2nd base
1-1: Intentional Walk
Batting: LHB Chris Newman 0-0: Foul Ball, location: 2F
0-1: Foul Ball, location: 2F
0-2: Foul Ball, location: 2F
0-2: Fly out, F8 (Flyball, 8LM, EV 92.5 MPH)
Batting: RHB Gabe Corbin 0-0: Ball
1-0: Foul Ball, location: 2F
Balk!
Nick Nielsen to third
Ruben Mercado to second
1-1: Foul Ball, location: 2F
1-2: Ball
2-2: Fly out, F6 (Line Drive, 6, EV 70.6 MPH)
Top of the 8th over - 0 runs, 1 hit, 0 errors, 2 left on base; Baltimore (Rk+) 5 - Princeton 4
BOTTOM OF THE 8TH
Princeton Rays batting - Pitching for Baltimore (Rk+) Orioles : RHP Chase Borne
Pitching: LHP Uddin Abbasi
Pinch Hitting: RHB Alan Shook 0-0: Ball
1-0: Ball
2-0: Ball
3-0: Called Strike
3-1: Foul Ball, location: 2F
3-2: Fly out, F7 (Flyball, 7D, EV 102.5 MPH)
Batting: RHB Dustin Roberts 0-0: Ball
1-0: Ball
2-0: Foul Ball, location: 2F
2-1: Called Strike
2-2: Foul Ball, location: 2F
2-2: Ball
3-2: SINGLE (Line Drive, 9LM, EV 90.6 MPH)
Batting: RHB Mike Tyler 0-0: Ball
1-0: Ball
2-0: Bunt missed!
2-1: Bunt missed!
2-2: Strikes out swinging
Batting: RHB J.J. Thomas 0-0: Called Strike
0-1: Foul Ball, location: 2F
0-2: Ball
1-2: Fielders Choice at 2nd, 6-4 (Groundball, 56, EV 93.1 MPH)
Bottom of the 8th over - 0 runs, 1 hit, 0 errors, 1 left on base; Baltimore (Rk+) 5 - Princeton 4
TOP OF THE 9TH
Baltimore (Rk+) Orioles batting - Pitching for Princeton Rays : RHP Jake Bertolami
Pitching: RHP Randy Thurston
Now at 2B: Jesus Bran
Batting: LHB Henry Lopez 0-0: Ball
1-0: Ball
2-0: Called Strike
2-1: SOLO HOME RUN (Line Drive, 89XD, EV 107.5 MPH) (Inside the Park)
Batting: RHB Brendan Hastings 0-0: Swinging Strike
0-1: Ball
1-1: Ball
2-1: Ball
3-1: Foul Ball, location: 2F
3-2: Base on Balls
Batting: RHB Danny Umana 0-0: Fielders Choice at 2nd, 5-4 (Groundball, 56S, EV 93.1 MPH)
Batting: RHB Matt Starkey 0-0: Foul Ball, location: 2F
0-1: Swinging Strike
0-2: Foul Ball, location: 2F
0-2: Ball
1-2: Ball
2-2: Strikes out looking
Batting: RHB Taylor Rosenblum 0-0: Foul Ball, location: 2F
0-1: Foul Ball, location: 2F
0-2: Foul Ball, location: 2F
0-2: Ball
1-2: Ball
2-2: Ball
3-2: Base on Balls
Danny Umana to second
Batting: RHB Nick Nielsen 0-0: Ball
1-0: Fielders Choice at 2nd, 6-4 (Groundball, 56, EV 107.5 MPH)
Top of the 9th over - 1 run, 1 hit, 0 errors, 2 left on base; Baltimore (Rk+) 6 - Princeton 4
BOTTOM OF THE 9TH
Princeton Rays batting - Pitching for Baltimore (Rk+) Orioles : LHP Uddin Abbasi
Now at 1B: Chris Newman
Now in LF: Tony Guerrero
Now in RF: Bobby Rasnake
Batting: RHB Andy Porter 0-0: Called Strike
0-1: Ground out 5-3 (Groundball, 5L, EV 88.1 MPH)
Batting: RHB Tim Fink 0-0: Ground out 5-3 (Groundball, 56S, EV 76.2 MPH)
Batting: RHB Rick Pugh 0-0: Swinging Strike
0-1: Swinging Strike
0-2: Ball
1-2: Strikes out swinging
Bottom of the 9th over - 0 runs, 0 hits, 0 errors, 0 left on base; Baltimore (Rk+) 6 - Princeton 4
Wednesday, July 27th , 2022 - OOTP Baseball 23.5 Build 73